 Dungeon Crawl Stone Soup version 0.19-a0-1855-gb7442ac (webtiles) character file.

30 dorian the Distorting Demonspawn (level 3, -4/29 HPs)
             Began as a Demonspawn Abyssal Knight on Oct 11, 2016.
             Was a Believer of Lugonu.
             Slain by a gnoll
             ... wielding a +0 flail
              (12 damage)
             ... on level 2 of the Dungeon.
             The game lasted 00:01:29 (895 turns).

dorian the Distorting Demonspawn (DsAK)              Turns: 895, Time: 00:01:30

Health: -4/29      AC:  3    Str: 13    XL:     3   Next: 5%
Magic:  5/5        EV: 11    Int: 13    God:    Lugonu [**....]
Gold:   12         SH:  0    Dex: 12    Spells: 0 memorised, 2 levels left

rFire  . . .     SeeInvis .     a - +1 falchion
rCold  . . .     Gourm    .     b - +0 leather armour
rNeg   . . .     Faith    .     (no shield)
rPois  .         Spirit   .     (no helmet)
rElec  .         Dismiss  .     (no cloak)
rCorr  .         Reflect  .     (no gloves)
MR     .....     Harm     .     (no boots)
Stlth  ++........               (no amulet)
                                (no ring)
                                (no ring)

@: no status effects
A: talons 1, nightstalker 1
a: Depart the Abyss, Bend Space, Renounce Religion


You were on level 2 of the Dungeon.
You worshipped Lugonu.
Lugonu was pleased with you.
You were not hungry.

You visited 1 branch of the dungeon, and saw 2 of its levels.
You visited the Abyss 1 time.

You collected 12 gold pieces.

Inventory:

Hand Weapons
 a - a +1 falchion (weapon)
 g - a cursed -3 short sword
Armour
 b - a +0 leather armour (worn)
Scrolls
 e - a scroll of magic mapping {unknown}
Potions
 h - a potion of heal wounds {unknown}
Comestibles
 c - a bread ration
 f - 2 beef jerkies


   Skills:
 - Level 3.0 Fighting
 + Level 2.6 Long Blades
 - Level 1.7 Armour
 - Level 0.8 Dodging
 + Level 3.5 Invocations


You had 2 spell levels left.
You didn't know any spells.

Dungeon Overview and Level Annotations

Branches:
Dungeon (2/15)

Altars:


Innate Abilities, Weirdness & Mutations

You have sharp toenails.
You are slightly more attuned to the shadows.


Message History

Increase (S)trength, (I)ntelligence, or (D)exterity?
You feel stronger.
Your demonic ancestry asserts itself...
Your toenails lengthen and sharpen.
The jackal barely misses you.
You riposte.
You hit the jackal.
The jackal is almost dead.
The gnoll closely misses you. The jackal bites you.
The jackal bites you but does no damage.
You hit the jackal.
You kill the jackal!
Lugonu accepts your kill.
The gnoll throws a throwing net.
The throwing net hits you.
You become entangled in the net!
You struggle against the net.
You struggle against the net.
The gnoll hits you with a flail!
You struggle against the net.
The gnoll hits you but does no damage. x2
You struggle against the net.
The gnoll hits you from afar with a spear.
* * * LOW HITPOINT WARNING * * *
You rip the net and break free!
The gnoll hits you with a flail!
You die...

#.##### ♣.♣.♣.♣
#.....# ♣.††..♣
####.....#
#..♣.....♣##
#..........#
#.#♣#♣#♣#♣.######
#.# #..@ggg# #.#
######.# #.# #.#
#.# #g# #.# #.#
#.# #.# #####.#
#!# ...(..# #.#
.###### #g#


You could see 3 gnolls.

Vanquished Creatures
  A worm (D:2)
  2 dart slugs
  A leopard gecko (D:1)
  A giant cockroach (D:2)
  3 hobgoblins (D:1)
  3 jackals (D:2)
  A kobold (D:1)
  2 bats (D:1)
  2 frilled lizards (D:1)
  3 goblins (D:1)
  3 rats
22 creatures vanquished.

Notes
Turn   | Place    | Note
-------+----------+-------------------------------------------
     0 | Abyss:1  | dorian the Demonspawn Abyssal Knight began the quest for the Orb.
     0 | Abyss:1  | Reached XP level 1. HP: 18/18 MP: 2/2
    10 | D:1      | Escaped the Abyss
   116 | D:1      | Gained mutation: You are slightly more attuned to the shadows. [demonic ancestry]
   116 | D:1      | Reached XP level 2. HP: 13/24 MP: 4/4
   252 | D:1      | Reached ** piety under Lugonu
   886 | D:2      | Gained mutation: You have sharp toenails. [demonic ancestry]
   886 | D:2      | Reached XP level 3. HP: 23/29 MP: 5/5
   895 | D:2      | Slain by a gnoll

Vault maps used:
D:1:      eino_arrival_tree_alley
D:2:      serial_forest, infiniplex_forest_lined_room_,
          infiniplex_forest_straight_2, infiniplex_forest_lined_corner,
          infiniplex_forest_lined_room_2, infiniplex_forest_end_2
Abyss:1:  due_exit_kobolds

Skill      XL: |  1  2 |
---------------+-------+-----
Long Blades    | 2 |  2.6
Invocations    | 3 |  3.5
Fighting       | |  3.0
Armour         | |  1.7
Dodging        | |  0.8

Action                   || total
-------------------------++-------
Melee: Falchion          ||    55
 Stab: Sleeping          ||     4
Armor: Leather armour    ||     7
Dodge: Dodged            ||    33
       Rpst.: Falchion   ||    12
